 Dungeon Crawl Stone Soup version 0.31-a0-1589-g8f5e8aebd6 (webtiles) character file.

Game seed: 6585271105989621315

164 monsoonserge the Conjurer (level 5, -1/21 (31) HPs)
             Began as a Tengu Reaver on Jan 5, 2024.
             Was a Follower of Vehumet.
             Slain by a river rat (4 damage)
             ... in a sewer.
             The game lasted 00:07:43 (1550 turns).

monsoonserge the Conjurer (Tengu Reaver)            Turns: 1550, Time: 00:07:45

HP:   -1/21 (31)    AC:  5    Str: 13    XL:     5   Next: 45%
MP:   7/9           EV: 11    Int: 15    God:    Vehumet [*.....]
Gold: 57            SH:  0    Dex: 12    Spells: 7/8 levels left

rFire   . . .        m - +2 dagger (venom)
rCold   . . .        (no shield)
rNeg    . . .        c - +0 ring mail
rPois   .            (helmet restricted)
rElec   .            (no cloak)
rCorr   .            (no gloves)
SInv    .            (boots unavailable)
Will    .....        (no amulet)
Stlth   +            (no ring)
HPRegen 0.23/turn    (no ring)
MPRegen 0.11/turn

%: acrobat
@: very heavily drained
A: beak, talons 3, acrobatic
a: Renounce Religion


You were in a sewer.
You worshipped Vehumet.
Vehumet was aware of your devotion.
You visited 2 branches of the dungeon, and saw 5 of its levels.
You also visited: Sewer.

You collected 57 gold pieces.

Inventory:

Hand Weapons
 a - a +0 mace
 m - a +2 dagger of venom (weapon)
Missiles
 i - a throwing net
 r - 4 javelins (quivered)
Armour
 b - a +0 leather armour
 c - a +0 ring mail (worn)
Magical Staves
 d - a staff of air
 t - a staff of alchemy
Scrolls
 f - a scroll of poison {unknown}
 h - a scroll of amnesia {unknown}
 j - 2 scrolls of vulnerability {unknown}
 o - a scroll of torment
Potions
 e - a potion of attraction {unknown}
 g - a potion of haste {unknown}
 k - a potion of enlightenment {unknown}
 l - 3 potions of heal wounds {unknown}
 n - 2 potions of ambrosia {unknown}
 p - a potion of invisibility {unknown}
 q - a potion of lignification {unknown}
 s - a potion of curing {unknown}


   Skills:
 + Level 2.6 Fighting
 + Level 0.5 Short Blades
 - Level 3.7 Maces & Flails
 * Level 3.6 Armour
 + Level 2.7 Dodging
 - Level 2.0 Spellcasting
 + Level 4.8 Conjurations
 + Level 0.2 Necromancy


You had 7 spell levels left.
You knew the following spells:

 Your Spells              Type           Power      Damage    Failure   Level
a - Kiss of Death         Conj/Necr      36%        2d8       16%         1

Your spell library contained the following spells:

 Spells                   Type           Power      Damage    Failure   Level
 Magic Dart               Conj           64%        1d6       6%          1
 Momentum Strike          Conj/Tloc      16%        3d8       26%         2
 Hailstorm                Conj/Ice       8%         3d5       45%         3
 Call Imp                 Summ           2%         N/A       56%         2
 Summon Ice Beast         Ice/Summ       1%         N/A       80%         3
 Dispersal                Tloc           0%         N/A       100%        6


Dungeon Overview and Level Annotations

Branches:
Dungeon (4/15)             Temple (1/1) D:4           Sewer (1/1)

Altars:
Elyvilon
Fedhas
Hepliaklqana
Kikubaaqudgha
Nemelex Xobeh
Qazlal
Sif Muna
Trog
Vehumet
Wu Jian
Zin
The Shining One


Innate Abilities, Weirdness & Mutations

You have a beak for a mouth.
You have claws for feet.
You can magically evade attacks while moving or waiting.


Message History

You kill the adder!
Vehumet accepts your kill. The adder barely misses you. The rat misses you.
The adder misses you.
You see here a rat corpse.
You feel sick. The rat closely misses you. The rat bites you.
The frilled lizard attacks as it pursues you!
The frilled lizard closely misses you. The adder misses you.
Unknown command.
Unknown command.
You hit the frilled lizard.
You kill the frilled lizard!
Vehumet accepts your kill. The rat bites you but does no damage.
A rat comes into view.
The adder barely misses you.
Your magical contamination has completely faded away.
You closely miss the ball python.
You feel sick.
You are no longer poisoned.
The adder bites you but does no damage. The rat misses you.
The river rat bites you!
* * * LOW HITPOINT WARNING * * *
The ball python bites you but does no damage.
The ball python grabs you. The ball python constricts you.
* * * LOW HITPOINT WARNING * * *
The rat splashes around in the water.
Casting: Kiss of Death (safe; 16% risk of failure)
Confirm with . or Enter, or press ? or * to list all spells.
Aiming: Kiss of Death (safe; 16% risk of failure)
Press: ? - help, Shift-Dir - straight line, f - ball python
Aim: a ball python (constricting you, 100% to hit)
The negative energy hits the ball python!
The ball python is drained!
You kill the ball python!
Vehumet accepts your kill.
You feel drained. The adder bites you.
* * * LOW HITPOINT WARNING * * *
The rat bites you.
* * * LOW HITPOINT WARNING * * *
The river rat bites you.
You die...

##.~...#
##.~..##
#~~~~~~#
#≈≈~~~≈#
#≈~r~~≈#
#≈~~~~≈#
#~~~~~≈#
#~≈~~≈≈#
#~~~≈≈≈#
#~~≈~≈≈#
#~~r~≈≈#
#~~~≈≈≈#
#≈..r~≈#
#~~~≈≈≈#
#≈rrrr.#
#.~≈≈≈≈#
##.S@~≈#
#~~~≈≈≈#
#≈≈†~~~#
#~~~≈≈≈#
#≈≈~~~~#
#~~#~≈≈#
#≈~~~~~#
#~≈~~≈≈#
#~~~~~≈#
#≈~~~≈≈#
#~~~~≈≈#
#≈~~~~≈#
#~~~≈≈≈#
#≈≈~~~≈#
#~~~~~~#####
#~~~~~~#
##.~~.###..#
#..~~~.#


You could see an adder, a river rat and 6 rats.

Vanquished Creatures
  A hound (D:4)
  Natasha (D:3)
  An iguana (D:4)
  3 adders
  A dart slug (D:1)
  An orc (D:4)
  6 ball pythons
  2 endoplasms
  7 giant cockroaches
  3 goblins
  7 hobgoblins
  3 jackals (D:1)
  2 quokkas (D:4)
  3 bats (D:1)
  2 frilled lizards
  2 kobolds
  8 rats
53 creatures vanquished.

Notes
Turn   | Place    | Note
-------+----------+-------------------------------------------
     0 | D:1      | monsoonserge the Tengu Reaver began the quest for the Orb.
     0 | D:1      | Reached XP level 1. HP: 12/12 MP: 4/4
   101 | D:1      | Reached XP level 2. HP: 17/17 MP: 6/6
   347 | D:1      | Reached skill level 1 in Armour
   564 | D:1      | Got the Precepts of the Flock and Locality
   713 | D:1      | Reached XP level 3. HP: 17/21 MP: 7/7
   979 | D:2      | You fall into a shaft and drop 2 floors!
   979 | D:4      | Found a staircase to the Ecumenical Temple.
   984 | Temple   | Entered the Ecumenical Temple
   988 | Temple   | Became a worshipper of Vehumet
  1000 | D:4      | Noticed a lemure
  1010 | D:3      | Noticed Natasha
  1019 | D:3      | Killed Natasha
  1020 | D:3      | Reached XP level 4. HP: 22/27 MP: 5/8
  1293 | D:4      | Reached XP level 5. HP: 4/29 MP: 5/9
  1313 | D:4      | Found a glowing drain.
  1395 | Sewer    | Entered a sewer
  1545 | Sewer    | Reached * piety under Vehumet
  1545 | Sewer    | Offered knowledge of Magic Dart by Vehumet.
  1550 | Sewer    | Slain by a river rat

Illustrated notes

Levels and vault maps discovered:
D:1:      minmay_arrival_checkered_box, layout_basic
D:2:      wad_woods_stonehenge, layout_basic, minivault_19,
          uniq_crazy_yiuf_cottage
D:3:      layout_basic, marbit_many_paths, uniq_grinder, uniq_natasha,
          uniq_sigmund
D:4:      layout_loops_cross, temple_fountains, portal_sewer_entry_f,
          minmay_misc_feat_plants, uniq_pikel
Temple:   nicolae_temple_x_marks_the_god
Sewer:    sewer_minmay_w

Skill      XL: |  1  2  3  4 |
---------------+-------------+-----
Armour         | 1 2 3 |  3.6
Fighting       | |  2.6
Short Blades   | |  0.5
Maces & Flails | |  3.7
Dodging        | |  2.7
Spellcasting   | |  2.0
Conjurations   | |  4.8
Necromancy     | |  0.2

Action                     |  1- 3 |  4- 6 || total
---------------------------+-------+-------++-------
  Melee: Mace              |    43 |       ||    43
         Kick              |    14 |    12 ||    26
         Peck              |     3 |     9 ||    12
         Dagger            |    14 |    59 ||    73
         Punch             |       |     2 ||     2
  Throw: Javelin           |       |     1 ||     1
   Cast: Kiss of Death     |     1 |     3 ||     4
    Use: Scroll            |       |     4 ||     4
 Armour: Leather armour    |     4 |       ||     4
         Ring mail         |    22 |    44 ||    66
  Dodge: Dodged            |    50 |    78 ||   128

Table legend: (Time is in decaauts)
 A = Elapsed time spent in this place.
 B = Non-inter-level travel time spent in this place.
 C = Inter-level travel time spent in this place.
 D = Time resting spent in this place.
 E = Time spent auto-exploring this place.
 F = Levels seen in this place.
 G = Mean time per level.
                   A        B        C        D        E       F      G
               +--------+--------+--------+--------+--------+-----+--------+
         Total |   1605 |   1557 |     48 |     53 |    699 |   6 |  267.5 |
       Dungeon |   1411 |   1363 |     48 |     53 |    699 |   4 |  352.8 |
        Temple |      8 |      8 |      0 |      0 |      0 |   1 |    8.0 |
         Sewer |    185 |    185 |      0 |      0 |      0 |   1 |  185.0 |
               +--------+--------+--------+--------+--------+-----+--------+

Top non-repeatable levels by time:
     D:1: 918 daAuts
     D:4: 261 daAuts
   Sewer: 185 daAuts
     D:3: 161 daAuts
     D:2: 68 daAuts
  Temple: 8 daAuts
